 Dungeon Crawl Stone Soup version 0.25-a0-479-g8579842fd4 (webtiles) character file.

Game seed: 1477050219900732825, levelgen mode: deterministic

3529 Eurus the Thaumaturge (level 9, -4/64 HPs)
             Began as a Mummy Conjurer on Feb 9, 2020.
             Was a Believer of Ashenzari.
             Slain by a yak (10 damage)
             ... on level 7 of the Dungeon.
             The game lasted 00:26:45 (9015 turns).

Eurus the Thaumaturge (Mummy Conjurer)              Turns: 9015, Time: 00:26:46

Health: -4/64      AC:  6    Str: 11    XL:     9   Next: 82%
Magic:  17/21      EV: 14    Int: 17    God:    Ashenzari [**....]
Gold:   341        SH: 10    Dex: 13    Spells: 18/25 levels left

rFire    x . .     SeeInvis .   h - +5 dagger (venom)
rCold    + . .     Gourm    .   e - +0 shield (curse)
rNeg     + + +     Faith    .   p - +2 robe {MR+}
rPois    ∞         Spirit   .   (no helmet)
rElec    .         Reflect  .   g - +0 cloak
rCorr    .         Harm     .   j - +0 pair of gloves
MR       ++...                  (no boots)
Stlth    ++........             (no amulet)
HPRegen  0.20/turn              o - +4 ring of evasion
MPRegen  0.17/turn              (no ring)

@: no status effects
A: no food or potions, fire vulnerability, cold resistance 1, negative energy
resistance 3, torment resistance, unbreathing
a: Curse Item, Scrying, Renounce Religion


You were on level 7 of the Dungeon.
You worshipped Ashenzari.
Ashenzari was pleased with you.
You were not hungry.

You visited 2 branches of the dungeon, and saw 9 of its levels.

You collected 341 gold pieces.

Inventory:

Hand Weapons
 h - a +5 dagger of venom (weapon)
Armour
 a - a +0 robe
 d - a +2 scale mail of cold resistance
 e - a cursed +0 shield (worn)
 g - a +0 cloak (worn)
 j - a +0 pair of gloves (worn)
 p - a +2 robe of magic resistance (worn)
 s - a +0 shield
Jewellery
 o - a +4 ring of evasion (left hand)
Wands
 l - a wand of iceblast (7)
 m - a wand of acid (7)
 r - a wand of scattershot (7)
Scrolls
 b - 5 scrolls of teleportation
 c - 4 scrolls of identify
 f - 5 scrolls of remove curse
 i - 3 scrolls of amnesia
 k - a scroll of fear {unknown}
 q - a scroll of enchant armour {unknown}


   Skills:
 - Level 3.2 Fighting
 - Level 1.5 Dodging
 - Level 1.5 Stealth
 + Level 5.6(7.1) Shields
 + Level 8.9 Spellcasting
 + Level 6.8 Conjurations
 + Level 4.9 Translocations


You had 18 spell levels left.
You knew the following spells:

 Your Spells              Type           Power        Failure   Level  Hunger
a - Magic Dart            Conj           ####         1%          1    N/A
b - Searing Ray           Conj           ####..       2%          2    N/A
c - Iskenderun's Mystic   Conj/Tloc      ####....     22%         4    N/A

Your spell library contained the following spells:

 Spells                   Type           Power        Failure   Level  Hunger
 Shock                    Conj/Air       ###.         6%          1    N/A
 Dazzling Flash           Conj/Hex       ###...       19%         3    N/A
 Call Imp                 Summ           #.......     36%         2    N/A
 Poisonous Vapours        Pois/Air       #.....       36%         2    N/A
 Fulminant Prism          Conj/Hex       ###.......   54%         4    N/A
 Call Canine Familiar     Summ           #.......     61%         3    N/A
 Summon Guardian Golem    Hex/Summ       #.......     61%         3    N/A
 Lightning Bolt           Conj/Air       ###.......   87%         5    N/A
 Summon Lightning Spire   Summ/Air       #.......     95%         4    N/A

Dungeon Overview and Level Annotations

Branches:
Dungeon (8/15)             Temple (1/1) D:5
   Lair: D:8-11

Altars:
Ashenzari
Elyvilon
Gozag
Kikubaaqudgha
Makhleb
Okawaru
Ru
Trog
Vehumet
Wu Jian
Xom
Zin
The Shining One
Beogh

Shops:
D:6 (

Annotations:
D:4 3 runed translucent doors, Edmund; Grinder; demivan's ghost, amateur TrFi
D:6 Duvessa
D:8 Maggie


Innate Abilities, Weirdness & Mutations

You do not eat or drink.
Your flesh is vulnerable to fire.
You are immune to poison.
Your flesh is cold resistant. (rC+)
You are immune to negative energy. (rN+++)
You are immune to unholy pain and torment.
You can survive without breathing.


Message History

(Press . to maintain the ray.)
The yak closely misses you. x2; You block the yak's attack.
The searing ray hits the yak!
The yak is moderately wounded.
You block the yak's attack. x2; The yak gores you!
The searing ray hits the yak!
The yak is heavily wounded.
The yak gores you but does no damage. The yak misses you. The yak gores you.
The searing ray hits the yak.
The yak is severely wounded.
You finish channeling your searing ray.
The yak gores you!
* * * LOW HITPOINT WARNING * * *
The yak barely misses you. The yak closely misses you.
The yak closely misses you.
The yak gores you but does no damage. x2
You hit the yak.
The yak is poisoned.
The yak is severely wounded.
You block the yak's attack. The yak gores you!
* * * LOW HITPOINT WARNING * * *
You block the yak's attack. The yak gores you!
You die...

#._..#......#.##..#..#.......#...
#....#......#..............#...#.
.....#.....##..#..#.....###..#..#
...###..<.........#.............#
...# ###(###.....#####..##.######
...# #.#.................# ...#
#.#.#..#.........####
)#######.#.#..########.##
.[....[........Y@Y.....#
####..##.#.#####Y#######
#..##.#.#####.##
#.....#.#.#....#####
#.###.#.#.......)..## #.#
#.#.....^.......# #.#
#.#?.....^......# #.#
#......^..^..^..# #.#
#.........^.....##


You could see 3 yaks.

Vanquished Creatures
  Joseph (D:7)
  2 yaks
  A spriggan (D:7)
  2 hungry ghosts
  Menkaure (D:7)
  2 ice beasts (D:8)
  2 orc warriors (D:7)
  A necrophage (D:6)
  3 ogres
  2 sky beasts (D:6)
  A centaur (D:6)
  Blork the orc (D:6)
  3 bullfrogs
  2 scorpions
  5 killer bees
  A crimson imp (D:5)
  A bullfrog skeleton (D:6)
  4 hounds
  Crazy Yiuf (D:4)
  5 orc wizards
  Jessica (D:2)
  An iguana (D:3)
  Natasha (thrice) (D:2)
  Terence (D:2)
  5 worker ants
  A hound skeleton (D:6)
  A worker ant zombie (D:5)
  3 gnolls (D:8)
  5 adders
  A shadow imp (D:6)
  An ooze (D:3)
  2 adder skeletons
  A worm (D:2)
  2 dart slugs
  6 leopard geckos
  19 orcs
  7 bats
  3 bat skeletons (D:5)
  2 bat zombies (D:5)
  7 giant cockroaches
  6 hobgoblins
  7 jackals
  7 kobolds
  8 quokkas
  A ball python (D:2)
  11 frilled lizards
  6 goblins
  A jackal zombie (D:8)
  A leopard gecko skeleton (D:4)
  A quokka skeleton (D:6)
  5 rats
167 creatures vanquished.

Notes
Turn   | Place    | Note
-------+----------+-------------------------------------------
     0 | D:1      | Eurus the Mummy Conjurer began the quest for the Orb.
     0 | D:1      | Reached XP level 1. HP: 13/13 MP: 4/4
   145 | D:1      | Reached skill level 3 in Spellcasting
   222 | D:1      | Reached XP level 2. HP: 20/20 MP: 4/6
   226 | D:1      | Learned a level 2 spell: Searing Ray
   587 | D:1      | Reached skill level 1 in Fighting
   841 | D:1      | Reached XP level 3. HP: 26/26 MP: 5/7
  1204 | D:2      | Noticed Natasha
  1296 | D:2      | Killed Natasha
  1296 | D:2      | Reached skill level 1 in Shields
  1368 | D:2      | Noticed Natasha
  1375 | D:2      | Noticed Jessica
  1382 | D:2      | Killed Jessica
  1382 | D:2      | Reached XP level 4. HP: 27/33 MP: 1/9
  1409 | D:2      | Killed Natasha
  1493 | D:2      | Noticed Natasha
  1629 | D:2      | Killed Natasha
  1629 | D:2      | Reached skill level 4 in Spellcasting
  1629 | D:2      | Reached XP level 5. HP: 38/38 MP: 6/11
  1785 | D:2      | Noticed Terence
  1788 | D:2      | Killed Terence
  2385 | D:3      | Found a radiant altar of Vehumet.
  2611 | D:3      | Found a burning altar of Makhleb.
  2918 | D:3      | Reached XP level 6. HP: 40/46 MP: 6/12
  3352 | D:4      | Found a shattered altar of Ashenzari.
  3441 | D:4      | Found a runed translucent gate.
  3441 | D:4      | Found a runed translucent gate.
  3442 | D:4      | Found a runed translucent gate.
  3444 | D:4      | Noticed demivan's ghost (amateur TrFi)
  3447 | D:4      | Found a roughly hewn altar of Beogh.
  3450 | D:4      | Identified the +7 hunting sling "Zyjecyrr" {venom, +Inv}
  3450 | D:4      | Identified the +5 chain mail of the Inquisitive Beds {*Slow
                  | rPois rN+++ Dex-5}
  3484 | D:4      | Became a worshipper of Ashenzari the Shackled
  3531 | D:4      | Found an opulent altar of Gozag.
  3532 | D:4      | Found an iron altar of Okawaru.
  3612 | D:4      | Noticed Grinder
  3634 | D:3      | Learned a level 4 spell: Iskenderun's Mystic Blast
  3722 | D:4      | Noticed Edmund
  3802 | D:5      | Entered Level 5 of the Dungeon
  3810 | D:5      | Reached skill level 5 in Spellcasting
  3922 | D:4      | Found a glowing golden altar of the Shining One.
  4007 | D:4      | Found a runed translucent door.
  4008 | D:4      | Noticed Crazy Yiuf
  4015 | D:4      | Killed Crazy Yiuf
  4015 | D:4      | Reached XP level 7. HP: 52/52 MP: 9/14
  4468 | D:5      | Reached * piety under Ashenzari
  4468 | D:5      | Found a staircase to the Ecumenical Temple.
  4479 | Temple   | Entered the Ecumenical Temple
  4684 | D:5      | Reached skill level 1 in Translocations
  4961 | D:5      | Found an ancient bone altar of Kikubaaqudgha.
  5286 | D:6      | Noticed Duvessa
  5430 | D:6      | Found Witasuj's Weapon Shoppe.
  5465 | D:6      | Reached skill level 6 in Spellcasting
  5465 | D:6      | Reached skill level 5 in Conjurations
  5634 | D:6      | Reached XP level 8. HP: 39/58 MP: 5/17
  5831 | D:6      | Noticed Blork the orc
  5851 | D:6      | Killed Blork the orc
  6522 | D:7      | Reached skill level 7 in Spellcasting
  6557 | D:7      | Found a shimmering altar of Xom.
  6997 | D:7      | Found a glowing silver altar of Zin.
  7057 | D:7      | Found a shimmering altar of Xom.
  7071 | D:7      | Noticed Joseph
  7180 | D:7      | Noticed Menkaure
  7185 | D:7      | Killed Menkaure
  7236 | D:7      | Reached XP level 9. HP: 64/64 MP: 15/20
  7343 | D:7      | Reached ** piety under Ashenzari
  7344 | D:7      | Found a white marble altar of Elyvilon.
  7345 | D:7      | Found a sacrificial altar of Ru.
  7444 | D:7      | Found a glowing silver altar of Zin.
  7855 | D:8      | Reached skill level 5 in Shields
  7855 | D:8      | Reached skill level 8 in Spellcasting
  7867 | D:7      | Killed Joseph
  8053 | D:8      | Identified Mutuqylu's Volume of Lightness and Summoning
  8483 | D:8      | Noticed Maggie
  9015 | D:7      | Slain by a yak

Levels and vault maps discovered:
D:1:      ebering_trefoil_3fold, layout_basic, minmay_misc_feat_encased,
          st_stairs_12
D:2:      layout_rooms, minmay_octomino_j4, uniq_natasha, uniq_terence,
          uniq_jessica
D:3:      layout_rooms, lemuel_doored_altar, lemuel_crystal_altar, first_ration,
          serial_forest, infiniplex_forest_end_3, infiniplex_forest_corner_2,
          infiniplex_forest_lined_corner, infiniplex_forest_lined_corner,
          infiniplex_forest_split, infiniplex_forest_end_1,
          infiniplex_forest_lined_room_2, infiniplex_forest_clump_long
D:4:      layout_loops_ring, ashenzari_conservatory_becter,
          nicolae_tso_carved_into_rock, gammafunk_temple_overflow_pools,
          biasface_ghost_orc_armoury, minmay_pentangle, uniq_edmund,
          uniq_grinder, uniq_crazy_yiuf_cottage
D:5:      layout_cave_pools, kennysheep_vampire_church, minmay_temple_entry_tees
D:6:      layout_layer_cave, serial_shops, shop, minmay_misc_feat_alley,
          uniq_duvessa, uniq_blork_the_orc, uniq_prince_ribbit1
D:7:      layout_basic, grunt_temple_overflow_open, zin_scriptorium, hex_tiny,
          the_bakery, minmay_holes, hangedman_feature_mirror,
          mrwooster_statue_mirror, grunt_ministairs_7, uniq_menkaure,
          uniq_joseph
D:8:      layout_layer_cave, kennysheep_mini, kennysheep_generic_room_12,
          uniq_maggie
Temple:   dpeg_three_leaves_temple

Skill      XL: |  1  2  3  4  5  6  7  8  9 |
---------------+----------------------------+-----
Spellcasting   | 3 4 5 6 7 8 |  8.9
Fighting       | 1 2 3 |  3.2
Shields        | 1 2 3 4 5 |  5.6
Conjurations   | 4 5 6 |  6.8
Translocations | 2 3 4 |  4.9
Dodging        | |  1.5
Stealth        | |  1.5

Action                   |  1- 3 |  4- 6 |  7- 9 || total
-------------------------+-------+-------+-------++-------
Melee: Dagger            |    12 |    33 |    40 ||    85
 Cast: Magic Dart        |    45 |    53 |    71 ||   169
       Searing Ray       |     4 |    18 |    59 ||    81
  Use: Scroll            |       |     6 |     2 ||     8
 Stab: Sleeping          |       |       |     1 ||     1
Armor: Robe              |     9 |     6 |    44 ||    59
Dodge: Dodged            |    10 |    28 |   112 ||   150
Block: Shield            |       |       |    32 ||    32

Table legend:
 A = Non-vault XP
 B = Vault XP
 C = Vault XP percentage of total XP
 D = Non-vault monster count
 E = Vault monster count
 F = Vault count percentage of total count
                 A         B        C        D         E       F
            +---------+---------+-------+---------+---------+-------
      Total |    3686 |    1356 |  26.9 |     140 |      27 |  16.2
            +---------+---------+-------+---------+---------+-------
        D:1 |      43 |       4 |   8.5 |      24 |       2 |   7.7
        D:2 |     104 |     113 |  52.1 |      21 |       7 |  25.0
        D:3 |     166 |       0 |   0.0 |      20 |       0 |   0.0
        D:4 |     197 |      41 |  17.2 |       7 |       1 |  12.5
        D:5 |     244 |      10 |   3.9 |      13 |       5 |  27.8
        D:6 |     922 |     100 |   9.8 |      18 |       1 |   5.3
        D:7 |    1124 |    1022 |  47.6 |      22 |      10 |  31.2
        D:8 |     886 |      66 |   6.9 |      15 |       1 |   6.2
            +---------+---------+-------+---------+---------+-------
